 Dungeon Crawl Stone Soup version 0.17.2-1-ge4368a0 (webtiles) character file.

573 Goblin1989 the Cudgeler (level 7, -2/52 HPs)
             Began as a Demonspawn Fighter on Sept 27, 2016.
             Slain by a phantom (5 damage)
             ... on level 4 of the Dungeon.
             The game lasted 00:17:34 (3814 turns).

Goblin1989 the Cudgeler (Demonspawn Fighter)        Turns: 3814, Time: 00:17:34

Health: -2/52      AC: 14    Str: 18    XL:     7   Next: 12%
Magic:  7/7        EV:  6    Int: 10    God:
Gold:   124        SH:  8    Dex: 12    Spells: 0 memorised, 6 levels left

rFire  + . .     SeeInvis .     a - +0 flail
rCold  . . .     Clarity  .     w - +0 chain mail
rNeg   . . .     SustAt   .     c - +0 shield
rPois  .         Gourm    .     h - +2 helmet
rElec  .         Spirit   .     g - +0 cloak
rCorr  .         Warding  .     j - +0 pair of gloves
rMut   .         Stasis   .     (no boots)
MR     .....                    (no amulet)
Stlth  ..........               (no ring)
                                (no ring)

@: not resistant to hostile enchantments, extremely unstealthy
A: talons 2, repulsion field 1, demonic guardian 1, fire resistance 1, flame
cloud immunity
a: no special abilities


You were on level 4 of the Dungeon.
You were very hungry.

You visited 1 branch of the dungeon, and saw 4 of its levels.
You also visited: Sewer.

You collected 124 gold pieces.

Inventory:

Hand Weapons
 a - a +0 flail (weapon)
Armour
 c - a +0 shield (worn)
 g - a +0 cloak (worn)
 h - a +2 helmet (worn)
 j - a +0 pair of gloves (worn)
 w - a +0 chain mail (worn)
Scrolls
 b - 4 scrolls of teleportation {unknown}
 n - 2 scrolls of remove curse {@r2}
 r - 3 scrolls of fog
 B - a scroll of blinking
 M - 3 scrolls of magic mapping
Potions
 d - 2 potions of might
 f - 2 potions of magic
 k - 4 potions of curing {@q1}
 l - a potion of brilliance
 m - a potion of lignification {unknown}
 o - a potion of mutation {unknown}
 q - 2 potions of haste {unknown}
 t - a potion of ambrosia {!q}
Comestibles
 e - 2 bread rations
 i - 3 meat rations
 p - 5 fruits
 s - a beef jerky


   Skills:
 - Level 3.0 Fighting
 + Level 7.2 Maces & Flails
 - Level 2.6 Armour
 - Level 2.6 Shields


You had 6 spell levels left.
You didn't know any spells.

Dungeon Overview and Level Annotations

Branches:
Dungeon (4/15)
 Temple: D:4-7

Altars:


Innate Abilities, Weirdness & Mutations

You have razor-sharp toenails.
You are surrounded by a mild repulsion field (EV +2).
A weak demonic guardian rushes to your aid.
Your flesh is heat resistant.
You are immune to clouds of flame.


Message History

Your Maces & Flails skill increases to level 7!
You have reached level 7!
Your demonic ancestry asserts itself...
You feel less concerned about heat.
The phantom blinks!
The phantom hits you but does no damage.
You barely miss the phantom. Your kick misses the phantom.
The phantom is almost destroyed.
The phantom hits you.
* * * LOW HITPOINT WARNING * * *
You closely miss the phantom.
The phantom is almost destroyed.
The phantom hits you but does no damage.
You barely miss the phantom. You claw the phantom.
The phantom is almost destroyed.
You block the phantom's attack. The phantom barely misses you.
You barely miss the phantom. You claw the phantom, but do no damage.
The phantom is almost destroyed.
The phantom hits you.
You die...

..ਜ... ਜਜਜ ..ਜ..ਜਜਜ...
.ਜ........ ਜ.........
ਜ......... ਜਜ.........
ਜ...<...... ਜਜਜ
ਜਜ.W........ ..ਜ
ਜ..@†....... .ਜਜ
ਜਜ........... ਜਜ
ਜਜਜਜ............ .ਜਜਜ
ਜਜਜ..)............
..(ਜਜਜਜਜ...ਜਜਜਜ....$.....
ਜਜ..ਜ...ਜਜਜਜ ਜਜਜ........
ਜਜ...ਜਜਜ ਜਜ..ਜਜ... ਜ.ਜਜਜ
ਜ..ਜਜਜਜ ਜ.ਜਜਜ ਜਜ..


You could see a phantom.

Vanquished Creatures
  An ogre (D:3)
  A giant frog (D:4)
  2 orc priests
  Natasha (D:4)
  An iguana (D:4)
  2 worker ants (D:4)
  2 hound skeletons (D:4)
  4 adders
  3 river rats (Sewer)
  2 oozes (D:1)
  A worm (D:2)
  5 giant geckos
  12 orcs
  11 bats
  8 goblins
  9 hobgoblins
  9 jackals
  7 kobolds
  4 ball pythons
  8 giant cockroaches
  8 giant newts
  8 rats
109 creatures vanquished.

Vanquished Creatures (collateral kills)
  An ogre (D:4)
1 creature vanquished.

Grand Total: 110 creatures vanquished

Notes
Turn   | Place    | Note
--------------------------------------------------------------
     0 | D:1      | Goblin1989 the Demonspawn Fighter began the quest for the Orb.
     0 | D:1      | Reached XP level 1. HP: 18/18 MP: 1/1
    75 | D:1      | Gained mutation: You have sharp toenails. [demonic ancestry]
    75 | D:1      | Reached XP level 2. HP: 22/24 MP: 2/2
   861 | D:2      | Gained mutation: A weak demonic guardian rushes to your aid. [demonic ancestry]
   861 | D:2      | Reached XP level 3. HP: 24/29 MP: 3/3
  1345 | D:3      | Reached skill level 4 in Maces & Flails
  1345 | D:3      | Gained mutation: Your flesh is heat resistant. [demonic ancestry]
  1345 | D:3      | Reached XP level 4. HP: 8/35 MP: 4/4
  1423 | D:3      | Found a glowing drain.
  1453 | Sewer    | Entered a sewer
  1860 | Sewer    | Gained mutation: You have razor-sharp toenails. [demonic ancestry]
  1860 | Sewer    | Reached XP level 5. HP: 15/41 MP: 5/5
  2148 | Sewer    | Reached skill level 5 in Maces & Flails
  2394 | D:3      | Noticed an ogre
  2407 | D:3      | Killed an ogre
  2407 | D:3      | Gained mutation: You are surrounded by a mild repulsion field (EV +2). [demonic ancestry]
  2407 | D:3      | Reached XP level 6. HP: 6/47 MP: 6/6
  3491 | D:4      | Noticed Natasha
  3498 | D:4      | Killed Natasha
  3498 | D:4      | Reached skill level 6 in Maces & Flails
  3808 | D:4      | Reached skill level 7 in Maces & Flails
  3808 | D:4      | Gained mutation: You are immune to clouds of flame. [demonic ancestry]
  3808 | D:4      | Reached XP level 7. HP: 6/52 MP: 7/7
  3811 | D:4      | HP: 2/52 [phantom (4)]
  3814 | D:4      | Slain by a phantom

Action                   |  1- 3 |  4- 6 |  7- 9 || total
-------------------------+-------+-------+-------++-------
Melee: Flail             |   146 |   288 |     4 ||   438
  Use: Scroll            |     3 |     5 |       ||     8
       Potion            |       |     2 |       ||     2
  Eat: Chunk             |     1 |     3 |       ||     4
       Meat ration       |       |     1 |       ||     1

Vault maps used:
D:1:      dpeg_arrival_arbitrary_c, minmay_strange_pillars,
          minmay_misc_feat_roman
D:3:      corexii_shack_village, gup_sewer_entry_pipe
D:4:      uniq_natasha
Sewer:    sewer_co_cracked_pipes
